[Event "Late-Titled-Tuesday-Blitz-February-13-2024"]
[Site "Chess.com"]
[Date "2024.02.13"]
[Round "7"]
[White "andrzej"]
[Black "Doublekk14"]
[Result "1-0"]
[WhiteElo "2512"]
[BlackElo "2321"]
[TimeControl "180+1"]
[EndTime "15:16:24 PST"]
[Termination "andrzej won on time"]

1. e4 c5 2. Nf3 e6 3. d4 cxd4 4. Nxd4 Nf6 5. Bd3 d6 6. O-O a6 7. c4 Be7 8. Nc3 Nc6 9. Nde2 O-O 10. f4 Qb6+ 11. Kh1 Ng4 12. Qe1 Ne3 13. Rf3 Ng4 14. h3 Nf6 15. g4 Bd7 16. g5 Ne8 17. b3 f5 18. Bb2 fxe4 19. Nxe4 d5 20. N4g3 Bxg5 21.
Qb1 h6 22. fxg5 Rxf3 23. Bh7+ Kh8 24. gxh6 e5 25. Qg6 1-0

[Event "Late-Titled-Tuesday-Blitz-February-13-2024"]
[Site "Chess.com"]
[Date "2024.02.13"]
[Round "7"]
[White "GMBenjaminBok"]
[Black "SchmakAttack"]
[Result "1-0"]
[WhiteElo "2990"]
[BlackElo "2803"]
[TimeControl "180+1"]
[EndTime "15:16:26 PST"]
[Termination "GMBenjaminBok won by resignation"]

1. d4 d5 2. c4 e6 3. Nc3 c6 4. e3 f5 5. f4 Nf6 6. Nf3 Bd6 7. Bd3 O-O 8. O-O Bd7 9. Ne5 Be8 10. cxd5 cxd5 11. Bd2 Nc6 12. Rc1 Rc8 13. Be1 Ne4 14. Nxe4 fxe4 15. Be2 Nxe5 16. fxe5 Rxf1+ 17. Kxf1 Be7 18. Bg4 Bd7 19. Rc2 Qb6 20. Rxc8+ Bxc8 21. Qc2 Bd7 22. h3 g6 23. h4 Qa6+ 24. Kg1 Qxa2 25.
Qc7 Qb1 26. Qxd7 Qxe1+ 27. Kh2 Bxh4 28. Bxe6+ Kh8 29. Qe8+ Kg7 30. Qf7+ Kh6 31. Qf8+ Kh5 32. g4+ 1-0

[Event "Late-Titled-Tuesday-Blitz-February-13-2024"]
[Site "Chess.com"]
[Date "2024.02.13"]
[Round "7"]
[White "Tolya2"]
[Black "djano"]
[Result "0-1"]
[WhiteElo "2501"]
[BlackElo "2664"]
[TimeControl "180+1"]
[EndTime "15:16:27 PST"]
[Termination "djano won by checkmate"]

1. Nf3 g6 2. d4 Bg7 3. g3 Nf6 4. Bg2 O-O 5. c4 d6 6. Nc3 Nc6 7. d5 Na5 8. Nd2 c5 9. dxc6 Nxc6 10. O-O Be6 11. Qa4 Rc8 12. Rb1 Bf5 13. e4 Bd7 14.
Qd1 Ne5 15. b3 Qa5 16. Bb2 Bg4 17. f3 Be6 18. Qe2 a6 19. Rfd1 b5 20. cxb5 axb5 21.
Qxb5 Qa7+ 22. Kh1 Nfg4 23. fxg4 Nxg4 24. h3 Nf2+ 25. Kh2 Nxd1 26. Nxd1 Rc2 27. Bxg7 Kxg7 28.
Nf3 Qxa2 29. Nc3 Rxg2+ 30. Kh1 Qf2 31. Rf1 Qxg3 32. Ng1 Qh2# 0-1

[Event "Late-Titled-Tuesday-Blitz-February-13-2024"]
[Site "Chess.com"]
[Date "2024.02.13"]
[Round "7"]
[White "GoldenShare"]
[Black "alexrustemov"]
[Result "0-1"]
[WhiteElo "2552"]
[BlackElo "2824"]
[TimeControl "180+1"]
[EndTime "15:16:34 PST"]
[Termination "alexrustemov won by resignation"]

1. e4 e6 2. d4 d5 3. Bd3 dxe4 4. Bxe4 Nf6 5. Bf3 Be7 6. Ne2 O-O 7. O-O Nbd7 8. Bf4 Bd6 9. Bg3 Bxg3 10. Nxg3 Rb8 11. Nc3 b6 12. Re1 Bb7 13. Bxb7 Rxb7 14. d5 e5 15. d6 g6 16. Qf3 Rb8 17. Rad1 cxd6 18.
Rxd6 Qe7 19. Red1 Rfd8 20. Nge4 Kg7 21. h4 Nxe4 22. Nxe4 Nc5 23. Ng5 Rxd6 24. Rxd6 h6 25. b4 Nb7 26. Ne6+ fxe6 27. Rd3 Rd8 0-1

[Event "Late-Titled-Tuesday-Blitz-February-13-2024"]
[Site "Chess.com"]
[Date "2024.02.13"]
[Round "7"]
[White "CRObliterator"]
[Black "stregachess"]
[Result "1-0"]
[WhiteElo "2382"]
[BlackElo "2068"]
[TimeControl "180+1"]
[EndTime "15:16:41 PST"]
[Termination "CRObliterator won by resignation"]

1. e4 c5 2. c3 d5 3. exd5 Qxd5 4. d4 cxd4 5. cxd4 e6 6. Nc3 Bb4 7. Qa4+ Nc6 8. Qxb4 Nxb4 9. Nxd5 Nc2+ 10. Kd1 Nxa1 11. Nc7+ Kd7 12. Nxa8 b6 13. Bf4 Bb7 14. Bb5+ Kd8 15.
Nc7 Nf6 16. Nf3 Ne4 17. Ke2 Nc2 18. Bd3 Nb4 19. Ne5 Rf8 20. Bb1 g5 21. Bxe4 Bxe4 22. Bxg5+ Kxc7 23. Be7 Rg8 24. Bxb4 Rxg2 25. Rc1+ Kb7 26. Ke3 f5 27. Nf7 Bd5 28. Nd6+ Ka6 29. Rc3 b5 30. Bc5 b4 31. Bxb4 Kb6 32. Bc5+ 1-0

[Event "Late-Titled-Tuesday-Blitz-February-13-2024"]
[Site "Chess.com"]
[Date "2024.02.13"]
[Round "7"]
[White "Rodalquilar"]
[Black "RantomOpening"]
[Result "1-0"]
[WhiteElo "2764"]
[BlackElo "2517"]
[TimeControl "180+1"]
[EndTime "15:16:42 PST"]
[Termination "Rodalquilar won by checkmate"]

1. d4 d5 2. Nf3 e6 3. Bf4 Nf6 4. e3 Bd6 5. Nbd2 O-O 6. c3 c5 7. Bd3 Qc7 8. Bxd6 Qxd6 9. Ne5 Nbd7 10.
f4 b5 11. O-O c4 12. Bc2 b4 13. e4 bxc3 14. bxc3 Qa3 15. Rf3 Bb7 16. exd5 Bxd5 17. Rh3 h6 18. f5 Nxe5 19. dxe5 Qc5+ 20. Kh1 Nd7 21. f6 Nxe5 22. fxg7 Kxg7 23. Qh5 Ng6 24. Rf1 Rh8 25. Bxg6 fxg6 26. Qe5+ Kg8 27. Ne4 Rf8 28.
Nf6+ Rxf6 29. Qxf6 Qc7 30. Qf8+ Kh7 31. Rxh6# 1-0

[Event "Late-Titled-Tuesday-Blitz-February-13-2024"]
[Site "Chess.com"]
[Date "2024.02.13"]
[Round "7"]
[White "Canal_Showdrez"]
[Black "SmirnovTimofey2000"]
[Result "1-0"]
[WhiteElo "2061"]
[BlackElo "1964"]
[TimeControl "180+1"]
[EndTime "15:16:42 PST"]
[Termination "Canal_Showdrez won on time"]

1. d4 d5 2. Nf3 Nf6 3. e3 Bf5 4.
c4 e6 5. Qb3 Nc6 6. c5 Na5 7.
Qa4+ c6 8. Bd2 b5 9. Qxa5 Qc8 10. Nc3 Be7 11. b4 O-O 12. Ne5 h6 13. Be2 Bh7 14.
O-O Ne4 15. Nxe4 Bxe4 16. f3 Bh7 17. Qa3 Bd8 18. Qc3 a5 19. a3 a4 20. Bd3 Bf6 21. f4 Be7 22. Rf3 f5 23. g4 Kh8 24. gxf5 exf5 25.
Kh1 Qe6 26. Rg1 Bf6 27. Ng6+ Bxg6 28. Rxg6 Kh7 29. Rfg3 Rf7 30. Qc2 Qd7 31. Bxf5 Qe8 32. Rxg7+ Kh8 33. R7g6 Qe7 34. Rxh6+ 1-0

[Event "Late-Titled-Tuesday-Blitz-February-13-2024"]
[Site "Chess.com"]
[Date "2024.02.13"]
[Round "7"]
[White "InadaC"]
[Black "Walter_White_Poland"]
[Result "0-1"]
[WhiteElo "2246"]
[BlackElo "2431"]
[TimeControl "180+1"]
[EndTime "15:16:49 PST"]
[Termination "Walter_White_Poland won by checkmate"]

1. d4 d5 2. c4 e6 3. Nc3 Nf6 4. cxd5 exd5 5. Bg5 c6 6. e3 Bf5 7. Bd3 Bxd3 8. Qxd3 Bd6 9. Nf3 O-O 10. O-O h6 11.
Bh4 Nbd7 12. Rfe1 Re8 13. a3 a5 14. Bg3 Bxg3 15. hxg3 Ne4 16. Nd2 f5 17. Ndxe4 fxe4 18. Qc2 Rf8 19. b4 Nf6 20. b5 Ng4 21. Rf1 Qg5 22. f3 Nxe3 23. Qd2 Nxf1 24. Qxg5 hxg5 25. Rxf1 exf3 26. gxf3 Rae8 27. Kf2 g4 28. f4 g5 29. bxc6 bxc6 30. Kg2 Re3 31. Rc1 gxf4 32. gxf4 Rxf4 33. Nd1 Re2+ 34. Kg3 Rxd4 35. Nc3 Re3+ 36. Kh4 Rc4 37. Na2 Rxc1 38. Nxc1 Rxa3 39. Ne2 Re3 40. Nd4 c5 41. Nf5 Re4 42. Ng3 a4 43. Nf5 a3 44. Nh6+ Kf8 45.
Nf5 a2 46. Ng3 a1=Q 47. Nh5 Qh1+ 48. Kg5 Qxh5+ 49. Kf6 Qe5+ 50. Kg6 g3 51. Kh7 Qg7# 0-1

[Event "Late-Titled-Tuesday-Blitz-February-13-2024"]
[Site "Chess.com"]
[Date "2024.02.13"]
[Round "7"]
[White "SouS007"]
[Black "ChessSkool"]
[Result "0-1"]
[WhiteElo "2492"]
[BlackElo "2715"]
[TimeControl "180+1"]
[EndTime "15:16:50 PST"]
[Termination "ChessSkool won by resignation"]

1. e4 c6 2. d4 d5 3. Nd2 dxe4 4. Nxe4 Nf6 5. Nxf6+ gxf6 6. Nf3 Bg4 7. Be2 Nd7 8. O-O Qc7 9. Nh4 Bxe2 10. Qxe2 e6 11. g3 O-O-O 12. a4 f5 13. a5 Bd6 14.
a6 b6 15. c3 Rhg8 16. Qf3 Rg4 17. Ng2 Rdg8 18. b4 b5 19. Kh1 Nb6 20. Bf4 h5 21. Bxd6 Qxd6 22. Ne3 R4g6 23. Qxh5 f4 24. Ng2 Nd5 25.
Qf3 Rh8 26. Nxf4 Rgh6 27. h4 Nxf4 28. Qxf4 Qxf4 29. gxf4 Rg8 0-1

[Event "Late-Titled-Tuesday-Blitz-February-13-2024"]
[Site "Chess.com"]
[Date "2024.02.13"]
[Round "7"]
[White "DenLaz"]
[Black "mr_gustavo"]
[Result "1-0"]
[WhiteElo "3056"]
[BlackElo "2729"]
[TimeControl "180+1"]
[EndTime "15:16:53 PST"]
[Termination "DenLaz won on time"]

1. d4 Nf6 2. c4 e6 3. Nc3 Bb4 4.
Nf3 d5 5. Bg5 h6 6. Bxf6 Qxf6 7.
e3 O-O 8. Rc1 c5 9. cxd5 exd5 10. dxc5 Be6 11. a3 Bxc5 12. Nxd5 Bxd5 13. Qxd5 Bb6 14.
Qe5 Qg6 15. Bb5 a6 16. Ba4 Qg4 17. Bc2 Nd7 18. Qf5 Qxf5 19. Bxf5 Nc5 20. Ke2 a5 21.
Rhd1 Rfd8 22. Nd2 a4 23. Bc2 Ne6 24. Nc4 Bc7 25. Rxd8+ Bxd8 26. Be4 Bf6 27. Bxb7 Rb8 28. Bd5 Nc5 29. Rc2 Kf8 30. Nd2 Rxb2 31. Rxc5 Ke7 32. Be4 Kd6 33. Rc2 1-0

[Event "Late-Titled-Tuesday-Blitz-February-13-2024"]
[Site "Chess.com"]
[Date "2024.02.13"]
[Round "7"]
[White "Szparu"]
[Black "bocah_sakit"]
[Result "1-0"]
[WhiteElo "2782"]
[BlackElo "2483"]
[TimeControl "180+1"]
[EndTime "15:16:53 PST"]
[Termination "Szparu won by resignation"]

1. Nf3 Nf6 2. c4 g6 3. b3 Bg7 4.
Bb2 O-O 5. g3 d6 6. d4 e5 7.
dxe5 Nfd7 8. Nc3 dxe5 9. Qd2 Re8 10. O-O-O e4 11. Ng5 e3 12. Qd5 Qe7 13. f4 c6 14. Qd6 Qxd6 15. Rxd6 Nc5 16. Bg2 Bf5 17. h3 h6 18. g4 Bxg4 19. hxg4 hxg5 20. fxg5 a5 21. Kc2 Nbd7 22. Ba3 Bf8 23. Rdd1 Ne5 24. Rh4 Rad8 25. Rdh1 Rd2+ 26. Kb1 f5 27. Rh8+ Kf7 28.
R1h7+ Ke6 29. Bxc5 Bxc5 30. Rxe8+ 1-0

[Event "Late-Titled-Tuesday-Blitz-February-13-2024"]
[Site "Chess.com"]
[Date "2024.02.13"]
[Round "7"]
[White "Binary010"]
[Black "dawid498"]
[Result "1-0"]
[WhiteElo "2881"]
[BlackElo "2691"]
[TimeControl "180+1"]
[EndTime "15:16:54 PST"]
[Termination "Binary010 won by resignation"]

1. e4 g6 2. d4 Bg7 3. Nc3 c6 4. f4 d5 5. e5 h5 6. Nf3 Bg4 7.
Be3 Nh6 8. h3 Nf5 9. Bf2 Bxf3 10. Qxf3 h4 11. Bd3 e6 12. O-O Nd7 13. b3 Bf8 14. Ne2 Be7 15. c4 Kf8 16. cxd5 cxd5 17. Rfc1 Rc8 18. Rxc8 Qxc8 19. Rc1 Qb8 20. Bxf5 gxf5 21.
Qc3 Kg7 22. Qc7 Rd8 23. Kf1 Kf8 24. Ng1 Ba3 25. Rc2 Be7 26. Nf3 Nb6 27. Bxh4 Bxh4 28. Nxh4 Qxc7 29. Rxc7 Rd7 30. Rxd7 Nxd7 31. g4 fxg4 32.
hxg4 Nb8 33. Ke2 Nc6 34. Nf3 Ke7 35. Ke3 Nb4 36. a4 a5 37. f5 Nc2+ 38. Kd3 Nb4+ 39.
Ke3 Nc2+ 40. Kd2 Nb4 41. f6+ Ke8 42. g5 Kf8 43. g6 1-0

[Event "Late-Titled-Tuesday-Blitz-February-13-2024"]
[Site "Chess.com"]
[Date "2024.02.13"]
[Round "7"]
[White "DuleMudule"]
[Black "Agibileg"]
[Result "1-0"]
[WhiteElo "2870"]
[BlackElo "2744"]
[TimeControl "180+1"]
[EndTime "15:16:55 PST"]
[Termination "DuleMudule won by resignation"]

1. d4 Nf6 2. Bg5 e6 3. e3 c5 4. c3 cxd4 5. exd4 h6 6. Bh4 Be7 7. Bd3 d5 8. Nd2 O-O 9. f4 b5 10. a3 Bd7 11. Ngf3 a5 12. Bxf6 Bxf6 13. h4 Qc7 14.
Ne5 Na6 15. Qe2 Qd8 16. Nxd7 Qxd7 17. g4 Nc7 18. g5 Be7 19. gxh6 g6 20. Qg4 Kh8 21. Nf3 Rg8 22. h5 gxh5 23. Qxh5 Bd6 24. Ne5 Bxe5 25. Qxe5+ 1-0

[Event "Late-Titled-Tuesday-Blitz-February-13-2024"]
[Site "Chess.com"]
[Date "2024.02.13"]
[Round "7"]
[White "Vamostodorecto"]
[Black "norwaytoadog"]
[Result "1-0"]
[WhiteElo "2381"]
[BlackElo "2207"]
[TimeControl "180+1"]
[EndTime "15:16:56 PST"]
[Termination "Vamostodorecto won on time"]

1. d4 Nf6 2. c4 e6 3. Nc3 Bb4 4. a3 Bxc3+ 5. bxc3 b6 6. f3 Nc6 7. e4 d6 8. Bd3 Qd7 9. Ne2 Ba6 10. O-O Na5 11. f4 Bxc4 12. Bxc4 Nxc4 13. Qd3 d5 14. Ng3 O-O-O 15. e5 Ng4 16. f5 exf5 17. Nxf5 h5 18. h3 Nh6 19. Nxg7 Rdg8 20. Nxh5 Rg6 21. Nf6 Qe6 22. Qf3 c6 23. Bxh6 Rhxh6 24. Ng4 Rh7 25. Qf5 Kd7 26. Nf6+ Rxf6 27. Qxh7 Rxf1+ 28. Rxf1 c5 29. Rxf7+ 1-0

[Event "Late-Titled-Tuesday-Blitz-February-13-2024"]
[Site "Chess.com"]
[Date "2024.02.13"]
[Round "7"]
[White "IngOscarArdila"]
[Black "LUISMIGUELOV"]
[Result "1-0"]
[WhiteElo "2308"]
[BlackElo "2181"]
[TimeControl "180+1"]
[EndTime "15:17:00 PST"]
[Termination "IngOscarArdila won on time"]

1. d4 d5 2. c4 e6 3. Nc3 Nf6 4.
Bg5 Be7 5. e3 O-O 6. Nf3 Nbd7 7.
Qc2 c6 8. cxd5 exd5 9. Bd3 Re8 10. O-O Ne4 11. Nxe4 dxe4 12. Bxe4 Bxg5 13. Bxh7+ Kh8 14.
Bf5 Bh6 15. Rfd1 Qf6 16. b4 g6 17. Bd3 Nb6 18. Ne5 Nd5 19. Rab1 a6 20. a4 Be6 21. b5 cxb5 22. axb5 Rec8 23. Qb2 a5 24. Rdc1 b6 25. Nc6 Nxe3 26. fxe3 Bxe3+ 27. Kh1 Bxc1 28. Qxc1 Kg7 29. Qe3 Rh8 30. Rf1 Qh4 31. Qe5+ Kg8 32. d5 Bxd5 33. Ne7+ Kf8 34. Nxg6+ Kg8 35. Nxh4 Rd8 36. Qg5+ 1-0

[Event "Late-Titled-Tuesday-Blitz-February-13-2024"]
[Site "Chess.com"]
[Date "2024.02.13"]
[Round "7"]
[White "KarolKacprzak"]
[Black "baki83"]
[Result "0-1"]
[WhiteElo "2735"]
[BlackElo "2868"]
[TimeControl "180+1"]
[EndTime "15:17:06 PST"]
[Termination "baki83 won by resignation"]

1. e4 c5 2. Nf3 Nc6 3. d4 cxd4 4.
Nxd4 Nf6 5. Nc3 d6 6. f3 e5 7. Nb3 Be6 8. Nd5 Be7 9. Be3 O-O 10. Qd2 a5 11. Bb5 Bxd5 12. exd5 Nb4 13. c4 Qc7 14. O-O Na6 15. Rfd1 Nd7 16. Qxa5 b6 17. Qd2 Nac5 18. Nxc5 bxc5 19. a3 f5 20. b4 f4 21. Bf2 Bf6 22. Bxd7 Qxd7 23. bxc5 e4 24. c6 Qe7 25. fxe4 Bxa1 26.
Rxa1 Qxe4 27. c5 f3 28. cxd6 Qe5 29. Re1 Qxd6 30. Qb4 Qxd5 31. c7 Rac8 32. Rc1 fxg2 33. Qb2 Qf7 34. Qb6 Qf3 35. a4 Rf6 36. Qc5 Rxc7 37. Rc3 Rxc5 38. Rxf3 Rxf3 39. Bxc5 Rf1+ 40. Kxg2 Ra1 0-1

[Event "Late-Titled-Tuesday-Blitz-February-13-2024"]
[Site "Chess.com"]
[Date "2024.02.13"]
[Round "7"]
[White "cthulhuuu"]
[Black "HaryKane"]
[Result "1-0"]
[WhiteElo "2478"]
[BlackElo "2588"]
[TimeControl "180+1"]
[EndTime "15:17:08 PST"]
[Termination "cthulhuuu won by checkmate"]

1. e4 g6 2. d4 Bg7 3. Nc3 d6 4. f4 Nf6 5. Nf3 Na6 6. e5 Nd7 7.
Bc4 Nb6 8. Bb3 c5 9. dxc5 Nxc5 10. O-O Nxb3 11. axb3 O-O 12. Be3 Bg4 13. h3 Bxf3 14. Qxf3 dxe5 15. Qxb7 exf4 16. Bxf4 Qd7 17. Qxd7 Nxd7 18.
Nd5 e6 19. Nc7 Rac8 20. Bd6 Rfd8 21. Be7 Rxc7 22. Bxd8 Rxc2 23. Rfd1 Nc5 24. Rxa7 Bxb2 25. Rc7 Ba3 26. Bf6 Nd7 27. Rdxd7 Re2 28. Rd8+ Bf8 29. Rxf8+ Kxf8 30. Rc8# 1-0

[Event "Late-Titled-Tuesday-Blitz-February-13-2024"]
[Site "Chess.com"]
[Date "2024.02.13"]
[Round "7"]
[White "egnfanclub"]
[Black "Baronessa08"]
[Result "0-1"]
[WhiteElo "2348"]
[BlackElo "2545"]
[TimeControl "180+1"]
[EndTime "15:17:08 PST"]
[Termination "Baronessa08 won by resignation"]

1. e4 c5 2. Nc3 Nc6 3. f4 d6 4.
Nf3 g6 5. Bb5 Bd7 6. O-O Bg7 7.
d3 a6 8. Bxc6 Bxc6 9. Qe1 b5 10.
f5 b4 11. Nd5 Bxd5 12. exd5 Nf6 13. fxg6 hxg6 14. Ng5 Qd7 15. c4 Rh5 16. a3 b3 17.
Be3 O-O-O 18. Nxf7 Rg8 19. Qa5 Kb7 20. Qc3 Ng4 21.
Qxb3+ Ka8 22. Bf2 Nxf2 23. Rxf2 Bd4 24. Rf1 Rf5 25. Nh6 Rxf2 26. Rxf2 Rf8 27. Ng4 Qxg4 28.
Qa4 Bxf2+ 29. Kh1 Qc8 0-1

[Event "Late-Titled-Tuesday-Blitz-February-13-2024"]
[Site "Chess.com"]
[Date "2024.02.13"]
[Round "7"]
[White "ahmedkandiliii"]
[Black "Ducke13"]
[Result "1-0"]
[WhiteElo "2553"]
[BlackElo "2352"]
[TimeControl "180+1"]
[EndTime "15:17:10 PST"]
[Termination "ahmedkandiliii won by resignation"]

1. e4 c5 2. Nf3 d6 3. Bb5+ Nd7 4. O-O Nf6 5. Bd3 a6 6. c3 b5 7. Bc2 Bb7 8. Re1 e6 9. d4 Be7 10. e5 Bxf3 11. Qxf3 Nd5 12. exd6 Bxd6 13. Qxd5 Nf6 14.
Qc6+ Ke7 15. dxc5 Bc7 16. Bg5 Qc8 17. Qf3 Rd8 18. Nd2 h6 19. Bxf6+ gxf6 20. Ne4 f5 21. Nd6 Bxd6 22. cxd6+ Rxd6 23. Bxf5 Ra7 24. Qf4 Qc5 25. Bc2 h5 26. Re5 Qc7 27. Qg5+ Kd7 28. Qxh5 Kc8 29. Ree1 Rd2 30. Be4 Qf4 31. Bf3 Rad7 32. Qc5+ Kd8 33. Qb6+ Ke7 34. Qxa6 Rxb2 35. Qa3+ Rb4 36. Qxb4+ Qxb4 37. cxb4 1-0

[Event "Late-Titled-Tuesday-Blitz-February-13-2024"]
[Site "Chess.com"]
[Date "2024.02.13"]
[Round "7"]
[White "Bugcrusher"]
[Black "titomagno_64"]
[Result "1-0"]
[WhiteElo "2472"]
[BlackElo "2222"]
[TimeControl "180+1"]
[EndTime "15:17:10 PST"]
[Termination "Bugcrusher won on time"]

1. d4 Nf6 2. c4 g6 3. Nc3 d5 4.
cxd5 Nxd5 5. e4 Nxc3 6. bxc3 Bg7 7. Bc4 c5 8. Ne2 Nc6 9. Be3 O-O 10. Rc1 cxd4 11.
cxd4 Qa5+ 12. Rc3 Rd8 13. Qd2 Bd7 14. h4 h5 15. Kf1 Rac8 16. Bh6 Bh8 17. Bb3 Bg4 18. f3 Bd7 19. Qf4 e6 20. Rc5 Qc7 21.
Qxc7 Rxc7 22. d5 exd5 23. exd5 b6 24. Rc1 Rdc8 25. dxc6 Rxc6 26. Rxc6 Rxc6 27. Kf2 a5 28. Rc1 Rxc1 29. Bxc1 a4 30. Bd5 b5 31. a3 Bf6 32. g3 Be7 33. Nd4 Kf8 34. Bc6 Ke8 35. Bxb5 Bc5 36. Bxd7+ Kxd7 37. Ke3 Kd6 38. Kd3 1-0

[Event "Late-Titled-Tuesday-Blitz-February-13-2024"]
[Site "Chess.com"]
[Date "2024.02.13"]
[Round "7"]
[White "LyonBeast"]
[Black "BilodeauA"]
[Result "0-1"]
[WhiteElo "3173"]
[BlackElo "2987"]
[TimeControl "180+1"]
[EndTime "15:17:12 PST"]
[Termination "BilodeauA won by resignation"]

1. e4 e5 2. Nf3 Nc6 3. Bc4 Bc5 4. d3 Nf6 5. Nc3 h6 6. Nd5 d6 7. Be3 Bxe3 8. fxe3 Be6 9. O-O Bxd5 10. exd5 Ne7 11.
Bb5+ c6 12. dxc6 bxc6 13. Ba4 O-O 14. Bb3 a5 15. a4 Nd7 16. d4 e4 17. Nd2 d5 18. c4 f5 19. Rc1 Rb8 20. cxd5 cxd5 21. Qe2 Kh7 22. Rc3 Qb6 23. Rfc1 f4 24. Kh1 fxe3 25. Qxe3 Nf5 26. Qh3 Qxd4 27. Rd1 Rxb3 28. Rxb3 e3 29. Qf3 exd2 30. Rd3 Qxa4 31. R3xd2 Ne5 32.
Qe2 Ng6 33. Rxd5 Nf4 34. Qb5 Qe4 35. R5d2 Ne3 36. Rg1 Nh3 37. Qc5 Nf2+ 38. Rxf2 Rxf2 0-1

[Event "Late-Titled-Tuesday-Blitz-February-13-2024"]
[Site "Chess.com"]
[Date "2024.02.13"]
[Round "7"]
[White "zano2023"]
[Black "KetiTsatsalashvili"]
[Result "0-1"]
[WhiteElo "2160"]
[BlackElo "2460"]
[TimeControl "180+1"]
[EndTime "15:17:13 PST"]
[Termination "KetiTsatsalashvili won by resignation"]

1. d4 Nf6 2. Nd2 d5 3. Ngf3 Bf5 4. e3 c6 5. c4 e6 6. Qb3 Qb6 7. c5 Qc7 8. Bd3 Bg6 9. O-O Nbd7 10. Qc3 Be7 11.
b4 O-O 12. Bb2 Rfe8 13. a4 Bf8 14. Bxg6 hxg6 15. Rfe1 Ne4 16. Nxe4 dxe4 17. Nd2 f5 18. f3 exf3 19. Nxf3 Nf6 20. Qc4 Nd5 21. e4 fxe4 22. Rxe4 Qf7 23. Rae1 Nf4 24. Ng5 Qf5 25. Nxe6 Nd5 26.
Re5 Qg4 27. Nc7 Rxe5 28. Rxe5 Qd1+ 29. Kf2 Qd2+ 30. Re2 Qf4+ 31. Kg1 Qxc7 32. b5 Rd8 33. Qd3 Qf7 34. Rf2 Qe6 35. Qf3 Qe1+ 36. Rf1 Qe3+ 37. Qxe3 Nxe3 38. Rf3 Nf5 39. bxc6 bxc6 40. Rd3 Bxc5 41.
g4 Nxd4 42. Kg2 Ne6 0-1

[Event "Late-Titled-Tuesday-Blitz-February-13-2024"]
[Site "Chess.com"]
[Date "2024.02.13"]
[Round "7"]
[White "DeTimmerman"]
[Black "EvilMorty23"]
[Result "1-0"]
[WhiteElo "2726"]
[BlackElo "2512"]
[TimeControl "180+1"]
[EndTime "15:17:14 PST"]
[Termination "DeTimmerman won on time"]

1. e4 e6 2. d4 d5 3. Nd2 Nf6 4. e5 Nfd7 5. f4 c5 6. c3 Nc6 7.
Ndf3 cxd4 8. cxd4 Bb4+ 9. Kf2 f6 10. g3 fxe5 11. fxe5 O-O 12. Kg2 Qb6 13. Bd3 g6 14.
Bc2 Be7 15. h4 Rf7 16. h5 Nf8 17. Rb1 Nb4 18. Bb3 Bd7 19. a3 Nc6 20. Bc2 Na5 21.
Bh6 Nc4 22. Bd3 Rc8 23. Nh3 Bb5 24. Nf2 Qa6 25. Qe2 Qb6 26. Ng4 Rxf3 27. Qxf3 Qxd4 28. Rbf1 Qxb2+ 29. Rf2 Qxf2+ 30. Qxf2 Bc5 31. Nf6+ Kh8 32. Bxf8 1-0

[Event "Late-Titled-Tuesday-Blitz-February-13-2024"]
[Site "Chess.com"]
[Date "2024.02.13"]
[Round "7"]
[White "verrbaa"]
[Black "ansko1999"]
[Result "1-0"]
[WhiteElo "2512"]
[BlackElo "2627"]
[TimeControl "180+1"]
[EndTime "15:17:15 PST"]
[Termination "verrbaa won by checkmate"]

1. e4 c5 2. Nf3 e6 3. d4 cxd4 4.
Nxd4 Nc6 5. Nc3 Qc7 6. Be2 a6 7.
O-O Nf6 8. Be3 b5 9. Nxc6 dxc6 10. Bf3 e5 11. a4 Rb8 12. axb5 axb5 13. g3 Bh3 14.
Ra7 Rb7 15. Ra8+ Rb8 16. Ra7 Qc8 17. Re1 Bb4 18. Bg5 Nd7 19. Bg4 Bxg4 20. Qxg4 Nc5 21. Re7+ Kf8 22. Qf3 f5 23. exf5 Nd7 24. Re6 Kf7 25.
Rxc6 Qb7 26. Qd5+ Kf8 27. f6 Nxf6 28. Bxf6 gxf6 29. Rxf6+ Kg7 30. Qxe5 Bxc3 31. Qg5# 1-0

[Event "Late-Titled-Tuesday-Blitz-February-13-2024"]
[Site "Chess.com"]
[Date "2024.02.13"]
[Round "7"]
[White "ritanovikova"]
[Black "pfalcon1949"]
[Result "0-1"]
[WhiteElo "2204"]
[BlackElo "1953"]
[TimeControl "180+1"]
[EndTime "15:17:17 PST"]
[Termination "pfalcon1949 won by checkmate"]

1. e4 e6 2. Nc3 d5 3. d4 Bb4 4. Qg4 Kf8 5. e5 c5 6. Nf3 Qa5 7. Bd2 b6 8. Be2 Ba6 9. O-O Bxe2 10. a3 Bxf1 11. dxc5 bxc5 12. Nxd5 Bxd2 13. b4 cxb4 14. Nxd2 Qxd5 15. Nxf1 Nh6 16. Qxb4+ Kg8 17. Ne3 Qxe5 18. Rd1 Nc6 19. Qb7 Rd8 20. Rb1 Qd6 21. Qa6 Nf5 22. Nf1 h6 23. g3 Nfd4 24. Qd3 g6 25. Ne3 Kh7 26. Kg2 Nf5 27. Qe4 Nxe3+ 28. Qxe3 Qd5+ 29. Kg1 Rhe8 30. h4 h5 31. Re1 Nd4 32. Kf1 Nxc2 33.
Qe2 Qh1# 0-1

[Event "Late-Titled-Tuesday-Blitz-February-13-2024"]
[Site "Chess.com"]
[Date "2024.02.13"]
[Round "7"]
[White "PolandHussars"]
[Black "cande_francisco"]
[Result "0-1"]
[WhiteElo "2613"]
[BlackElo "2497"]
[TimeControl "180+1"]
[EndTime "15:17:19 PST"]
[Termination "cande_francisco won by resignation"]

1. e4 Nf6 2. Nc3 d5 3. exd5 Nxd5 4. Bc4 Nb6 5. Bb3 Nc6 6. Nf3 e5 7. O-O Bg4 8. Re1 Be7 9. h3 Bh5 10. d3 O-O 11. g4 Bg6 12. Nxe5 Nxe5 13. Rxe5 Bd6 14.
Re1 Qh4 15. Qf3 Kh8 16. Ne4 Rae8 17. Bd2 Be5 18. c3 h6 19. d4 f5 20. dxe5 fxe4 21. Qg2 Rf3 22. e6 Rxh3 23. Bf4 c6 24. Re3 Rxe3 25. Bxe3 Nd5 26. Bxd5 cxd5 27. Bxa7 Rxe6 28. Rd1 Bf7 29. Bb8 Rg6 30. Bg3 Qxg4 31. c4 Qxd1+ 0-1

[Event "Late-Titled-Tuesday-Blitz-February-13-2024"]
[Site "Chess.com"]
[Date "2024.02.13"]
[Round "7"]
[White "AlexeiShirov"]
[Black "karinachess1"]
[Result "1-0"]
[WhiteElo "2860"]
[BlackElo "2677"]
[TimeControl "180+1"]
[EndTime "15:17:20 PST"]
[Termination "AlexeiShirov won by resignation"]

1. e4 e5 2. Nf3 Nc6 3. Bb5 Nf6 4. d3 d6 5. O-O g6 6. d4 Bd7 7. d5 Ne7 8. Bxd7+ Qxd7 9. Re1 Bg7 10. c4 O-O 11.
Nc3 Nh5 12. Rb1 a5 13. a3 a4 14. Nb5 b6 15. b4 axb3 16. Rxb3 h6 17. Nh4 Kh7 18. g3 Nf6 19. f4 exf4 20. gxf4 Nh5 21. e5 dxe5 22. fxe5 Nf5 23. Qg4 Ra4 24. e6 Qxd5 25.
Qxf5 gxf5 26. cxd5 Rxh4 27. e7 Rg8 28. e8=Q Bd4+ 29. Kh1 Rxe8 30. Rxe8 Bc5 31. Bb2 f6 32. Nxc7 Bd6 33. h3 Bxc7 34. Re7+ 1-0

[Event "Late-Titled-Tuesday-Blitz-February-13-2024"]
[Site "Chess.com"]
[Date "2024.02.13"]
[Round "7"]
[White "Nemsko"]
[Black "lluiss"]
[Result "1-0"]
[WhiteElo "2389"]
[BlackElo "2158"]
[TimeControl "180+1"]
[EndTime "15:17:20 PST"]
[Termination "Nemsko won by resignation"]

1. e4 e6 2. d4 d5 3. Nc3 Nf6 4. Bg5 Be7 5. e5 Nfd7 6. h4 b6 7. Qg4 h5 8. Qg3 g6 9. O-O-O Ba6 10. Bd3 Bxd3 11. Rxd3 Nc6 12. Nge2 Bxg5+ 13. hxg5 Qe7 14.
Qf4 O-O-O 15. Rdh3 Rhf8 16. g4 hxg4 17. Qxg4 Qb4 18.
a3 Qc4 19. b3 Ncxe5 20. bxc4 Nxg4 21. Rf3 e5 22. cxd5 exd4 23. Nxd4 Nde5 24. Rf4 Rh8 25. Rg1 Rh2 26. Rgxg4 Nxg4 27. Rxg4 Rxf2 28. Re4 Rh8 29.
Re7 Rhh2 30. Ncb5 a6 31. Rxc7+ Kd8 32. Nc6+ Ke8 33. Nd6+ Kf8 34. Ne5 Rhg2 35. Ndxf7 b5 36. Nxg6+ Kg7 37. Nfe5+ Kg8 38. d6 1-0